Unix NetHack Version 5.0.0-0 post-release - last build May 31 2026 23:59:36 (970b52f25bf058293b47ddfd14a1e40e571c508c,branch:main).

Game began 2026-05-28 15:32:47, ended 2026-06-01 15:06:06.

Draagus, lawful male human Monk

                                            $                     -----
                                                       --------- --...--
                                                       |.......---......|
                                                       |........%)......|
                                                       |..........%.--..--
                                              ------   --.|..........>-..---
                                             .e@r.<|---- ---.)--..---..-...--
         $                                   -----.--..|   --...%.| --......-
                                                 |.....|   --.-----  |.-.....|
                                                 -----.|   |..|     -|.......|
                                                     |.|   |.--   --.|...--.--
                                               $     |.-----.|    |..|.|.----
                                                 $   |..-|.).|  ---....|.
                                              $      --..|.------......-
                                                      --.|.|-.--..-----.-
                                          $   $       --^..|......|    .
                            $                         |...-|......|
                                                      --..| ---..-
                                                       ----   ---

Draagus the Initiate            St:18 Dx:10 Co:16 In:10 Wi:11 Ch:9  Lawful
Dlvl:4  $:166 HP:0(46) Pw:27(28) AC:4  Xp:6 T:1869 

Latest messages:
 You hit the floating eye!
 You are frozen by the floating eye's gaze!
 A hill orc suddenly appears close by!
 The hill orc throws a crude dagger!
 The crude dagger hits the floating eye.
 The hill orc wields a curved sword!
 The crude dagger hits the hill orc.
 The crude dagger hits the hill orc.
 The hill orc picks up 2 crude daggers.
 The crude dagger misses the hill orc.
 The crude dagger hits the floating eye.
 The hill orc throws a crude dagger!
 The crude dagger hits the floating eye.
 You hear crashing rock.
 You hear crashing rock.
 You hear crashing rock.
 Your candle's flame flickers low!
 The rock mole bites!
 The rock mole bites!
 The rock mole bites!
 Your candle is consumed!
 Its flame dies.
 The rock mole bites!
 The rock mole bites!
 The rock mole bites!
 The rock mole bites!
 The rock mole bites!
 You hear a chugging sound.
 The rock mole bites!
 The rock mole bites!
 The rock mole bites!
 The rock mole bites!
 The rock mole bites!
 The rock mole bites!
 The rock mole bites!
 The rock mole bites!
 The rock mole bites!
 It is hit.
 It is missed.
 The knife hits the floating eye.
 The rock mole bites!
 The runed dagger hits the floating eye!
 The rock mole bites!
 The rock mole bites!
 You die...
 Do you want your possessions identified? [ynq] (y) y
 Do you want to see your attributes? [ynq] (y) y
 Do you want an account of creatures vanquished? [ynaq] (y) y
 Do you want to see your conduct and achievements? [ynq] (y) y
 Do you want to see the dungeon overview? [ynq] (y) y

Inventory:
 Coins    ('$')
  $ - 166 gold pieces
 Amulets  ('"')
  H - an uncursed amulet versus poison
 Weapons  (')')
  w - the blessed +2 Giantslayer
 Armor    ('[')
  a - an uncursed +2 pair of leather gloves (being worn)
  P - a cursed +0 pair of speed boots
  b - an uncursed +1 robe (being worn)
 Comestibles  ('%')
  g - 6 uncursed apples
  v - 2 uncursed cram rations
  f - 8 uncursed food rations
  n - an uncursed food ration
  l - a cursed food ration
  i - 3 uncursed fortune cookies
  h - 6 uncursed oranges
  Q - an uncursed pancake
  x - an uncursed tripe ration
 Scrolls  ('?')
  D - an uncursed scroll of blank paper
  K - an uncursed scroll of enchant weapon
  c - an uncursed scroll of remove curse
 Spellbooks  ('+')
  y - an uncursed spellbook of haste self
  j - a blessed spellbook of healing
  s - an uncursed spellbook of sleep
 Potions  ('!')
  F - a cursed potion of gain energy
  e - a blessed potion of healing
  o - 2 uncursed potions of healing
  S - an uncursed potion of invisibility
  G - an uncursed potion of restore ability
 Rings    ('=')
  r - a cursed ring of conflict
  t - a blessed +4 ring of increase damage
  p - an uncursed ring of polymorph control
 Wands    ('/')
  u - a wand of cold named Cold (0:4)
 Tools    ('(')
  m - an uncursed sack containing 1 item
 Gems/Stones  ('*')
  L - an uncursed aquamarine stone
  R - an uncursed jade stone
  M - an uncursed worthless piece of green glass
  N - an uncursed worthless piece of red glass
  I - an uncursed worthless piece of violet glass
  E - an uncursed worthless piece of yellow glass
  O - a cursed worthless piece of yellowish brown glass

Contents of the sack:
  an uncursed tripe ration

Draagus the Monk's attributes:

Background:
 You were an Initiate, a level 6 male human Monk.
 You were lawful, on a mission for Shan Lai Ching
 who was opposed by Chih Sung-tzu (neutral) and Huan Ti (chaotic).
 You were right-handed.
 You were in the Gnomish Mines, on level 4.
 You entered the dungeon 1869 turns ago.
 There was a full moon in effect when your adventure ended.
 You had 364 experience points, 276 more were needed to attain level 7.

Basics:
 You had 0 out of 46 hit points.
 You had 27 out of 28 energy points (spell power).
 Your armor class was 4.
 Your wallet contained 166 zorkmids.
 Autopickup was off.

Final Characteristics:
 Your strength was 18 (limit:18/100).
 Your dexterity was 10 (limit:18).
 Your constitution was 16 (limit:18).
 Your intelligence was 10 (limit:18).
 Your wisdom was 11 (peak:12, limit:18).
 Your charisma was 9 (limit:18).

Final Status:
 You weren't hungry.
 You were unencumbered.
 You were empty handed.
 You had basic skill with martial arts.

Final Attributes:
 You were devoutly aligned.
 You were sleep resistant.
 You were poison resistant.
 You saw invisible.
 You were stealthy.
 You were guarded.
 Your spell casting was enhanced by wearing a robe.
 You were fast.
 You were lucky.
 You are dead.

Miscellaneous:
 You encountered 1 bones level.
 Total elapsed playing time was 21 minutes and 13 seconds.

Major events:
 Turn
    1: Draagus the lawful male human Monk entered the dungeon
  752: found Giantslayer on the floor
 1294: attained the rank of Novice (level 3)
 1428: entered the Gnomish Mines
 1684: attained the rank of Initiate (level 6)
 1869: killed by a rock mole, while frozen by a floating eye's gaze

Spells:
 Name                 Level Category     Fail Retention
 healing                1   healing        0%  91%-100%

Skills:
 Fighting Skills
   martial arts       [Basic]
 Weapon Skills
   quarterstaff       [Unskilled]
   spear              [Unskilled]
   crossbow           [Unskilled]
   shuriken           [Unskilled]
 Spellcasting Skills
   attack spells      [Unskilled]
   healing spells     [Basic]
   divination spells  [Unskilled]
   enchantment spells [Unskilled]
   clerical spells    [Unskilled]
   escape spells      [Unskilled]
   matter spells      [Unskilled]

Voluntary challenges:
 Character rerolling was not enabled.
 You followed a strict vegan diet.
 You never hit with a wielded weapon.
 You never genocided any monsters.
 You never polymorphed an object.
 You never changed form.
 You used no wishes.
Achievements:
 You attained the rank of Novice.
 You entered the Gnomish Mines.
 You attained the rank of Initiate.

 The Dungeons of Doom: levels 1 to 3
    Level 1:
    Level 2:
       A fountain, a grave.
       Stairs down to The Gnomish Mines.
    Level 3:
       Some fountains, a sink.
 The Gnomish Mines: levels 3 to 4
    Level 3:
    Level 4: <- You were here.
       Final resting place for
          you, killed by a rock mole, while frozen by a floating eye's gaze,
          azepol-Wiz-Gno-Mal-Neu, killed by a Woodland-elf.


Vanquished creatures:
 an amorous demon
  a gnome ruler
  2 Woodland-elves
  3 gnome leaders
  a gnomish wizard
  2 dwarves
  a rabid rat
 an orc zombie
  a wererat
  a large kobold
  a hobgoblin
  9 gnomes
  a gecko
  4 jackals
  a fox
  4 goblins
  5 sewer rats
  8 grid bugs
  a bat
  3 lichens
  a kobold zombie
  3 newts
55 creatures vanquished.

No species were genocided or became extinct.

Game over:
                       ----------
                      /          \
                     /    REST    \
                    /      IN      \
                   /     PEACE      \
                  /                  \
                  |     Draagus      |
                  |      166 Au      |
                  | killed by a rock |
                  |       mole       |
                  |                  |
                  |                  |
                  |       2026       |
                 *|     *  *  *      | *
        _________)/\\_//(\/(/\)/\//\/|_)_______

Goodbye Draagus the Monk...

You died in The Gnomish Mines on dungeon level 4 with 1880 points,
and 166 pieces of gold, after 1869 moves.
You were level 6 with a maximum of 46 hit points when you died.

